 Dungeon Crawl Stone Soup version 0.27-a0-1256-gced786f65e (webtiles) character file.

Game seed: 9220862540778519754

6 freelancePsychic the Skirmisher (level 1, -2/18 HPs)
             Began as a Demonspawn Wanderer on June 10, 2021.
             Slain by a ball python (3 damage)
             ... on level 1 of the Dungeon.
             The game lasted 00:00:38 (105 turns).

freelancePsychic the Skirmisher (DsWn)               Turns: 105, Time: 00:00:38

Health: -2/18      AC:  5    Str: 13    XL:     1   Next: 75%
Magic:  1/1        EV:  7    Int: 15    God:
Gold:   37         SH:  7    Dex:  9    Spells: 0/0 levels left

rFire    . . .     SeeInvis .   a - +0 mace
rCold    . . .     Faith    .   b - +0 kite shield
rNeg     . . .     Spirit   .   c - +0 ring mail
rPois    .         Reflect  .   (no helmet)
rElec    .         Harm     .   (no cloak)
rCorr    .         Rampage  .   (no gloves)
Will     .....                  (no boots)
Stlth    ..........             (no amulet)
HPRegen  0.06/turn              (no ring)
MPRegen  0.07/turn              (no ring)

@: no status effects
A: no striking features
a: no special abilities


You were on level 1 of the Dungeon.
You visited 1 branch of the dungeon, and saw 1 of its levels.

You collected 37 gold pieces.

Inventory:

Hand Weapons
 a - a +0 mace (weapon)
Armour
 b - a +0 kite shield (worn)
 c - a +0 ring mail (worn)


   Skills:
 + Level 3.0 Fighting
 * Level 0.6 Maces & Flails
 - Level 1.0 Crossbows
 - Level 1.0 Armour
 + Level 1.1 Shields
 - Level 2.6 Unarmed Combat
 + Level 1.1 Evocations


You couldn't memorise any spells.
You didn't know any spells.
Your spell library was empty.

Dungeon Overview and Level Annotations

Branches:
Dungeon (1/15)

Altars:


Message History

The jackal bites you but does no damage. x2
You block the jackal's attack.
You hit the jackal but do no damage.
The jackal is heavily wounded.
The jackal bites you but does no damage. x2
You hit the jackal but do no damage.
The jackal is heavily wounded.
The jackal barely misses you.
The jackal bites you but does no damage.
Your shield and ring mail prevent you from hitting the jackal.
The jackal is heavily wounded.
You block the jackal's attack.
The jackal bites you but does no damage. x2
You closely miss the jackal.
The jackal is heavily wounded.
The jackal bites you.
* * * LOW HITPOINT WARNING * * *
The jackal bites you.
* * * LOW HITPOINT WARNING * * *
You hit the jackal.
The jackal is severely wounded.
The jackal bites you but does no damage. x2
You miss the jackal.
The jackal is heavily wounded.
The jackal bites you but does no damage.
You block the jackal's attack.
The jackal bites you but does no damage.
You closely miss the jackal.
The jackal is moderately wounded.
The jackal bites you but does no damage.
The jackal barely misses you.
You miss the jackal.
The jackal is moderately wounded.
The jackal bites you but does no damage.
You block the jackal's attack.
The jackal bites you but does no damage.
You hit the jackal.
You kill the jackal!
You block the ball python's attack. x2; The ball python bites you.
You die...

#..................##.#.#
#.#...†.........#.......#
###...............#........
....................)......
.......#...................
.......###.###....#........
.......#.....>.rB..........
.......######.##S##........
######## ...##@#####.....
#### #.# ..... ... .....
##### ####


You could see a quokka, a giant cockroach and a ball python.

Vanquished Creatures
  A goblin (D:1)
  A hobgoblin (D:1)
  3 jackals (D:1)
  A frilled lizard (D:1)
6 creatures vanquished.

Notes
Turn   | Place    | Note
-------+----------+-------------------------------------------
     0 | D:1      | freelancePsychic the Demonspawn Wanderer began the quest
                  | for the Orb.
     0 | D:1      | freelancePsychic set off with the following items: a +0
                  | mace, a +0 kite shield, a +0 ring mail
     0 | D:1      | Reached XP level 1. HP: 18/18 MP: 1/1
   105 | D:1      | Slain by a ball python

Illustrated notes

Levels and vault maps discovered:
D:1:      heliophobic_arrival_battle_scene, layout_rooms

Action                   || total
-------------------------++-------
Melee: Mace              ||    35
Armor: Ring mail         ||    39
Dodge: Dodged            ||    16
Block: Kite shield       ||    23

Table legend: (Time is in decaauts)
 A = Elapsed time spent in this place.
 B = Non-inter-level travel time spent in this place.
 C = Inter-level travel time spent in this place.
 D = Time resting spent in this place.
 E = Time spent auto-exploring this place.
 F = Levels seen in this place.
 G = Mean time per level.
                   A        B        C        D        E       F      G
               +--------+--------+--------+--------+--------+-----+--------+
         Total |    127 |    127 |      0 |      0 |     53 |   1 |  127.0 |
       Dungeon |    127 |    127 |      0 |      0 |     53 |   1 |  127.0 |
               +--------+--------+--------+--------+--------+-----+--------+

Top non-repeatable levels by time:
     D:1: 127 daAuts
